 Dungeon Crawl Stone Soup version 0.25-a0-731-g0472a16d6a (webtiles) character file.

Game seed: 5164189687169981214, levelgen mode: deterministic

3407 Hastur the Covert (level 10, -10/66 HPs)
             Began as a Kobold Arcane Marksman on Apr 8, 2020.
             Was an Initiate of Okawaru.
             Mangled by a two-headed ogre
             ... wielding a +0 giant club
              (17 damage)
             ... on level 8 of the Dungeon.
             The game lasted 00:33:26 (12385 turns).

Hastur the Covert (Kobold Arcane Marksman)         Turns: 12385, Time: 00:33:27

Health: -10/66     AC:  8    Str:  9    XL:     10   Next: 24%
Magic:  20/20      EV: 18    Int: 16    God:    Okawaru [......]
Gold:   347        SH:  0    Dex: 16    Spells: 10/11 levels left

rFire    . . .     SeeInvis .   w - +0 hand axe (flame)
rCold    . . .     Gourm    .   (shield restricted)
rNeg     . . .     Faith    +   j - +0 ring mail
rPois    .         Spirit   .   u - +1 helmet
rElec    .         Reflect  .   (no cloak)
rCorr    .         Harm     .   (no gloves)
MR       .....                  H - +0 pair of boots
Stlth    ++++......             y - amulet of faith
HPRegen  0.21/turn              D - ring of magical power
MPRegen  0.17/turn              o - ring of wizardry

@: no status effects
A: small, carnivore
a: Renounce Religion


You were on level 8 of the Dungeon.
You worshipped Okawaru.
Okawaru was noncommittal.
You were very full.

You visited 2 branches of the dungeon, and saw 9 of its levels.

You collected 347 gold pieces.

Inventory:

Hand Weapons
 a - a +1 hand crossbow
 b - a +0 dagger
 w - a +0 hand axe of flaming (weapon)
Missiles
 c - 155 stones
 n - 59 sling bullets
 A - 6 throwing nets
 E - 13 poisoned darts (quivered)
Armour
 e - a +0 robe
 j - a +0 ring mail (worn)
 u - a +1 helmet (worn)
 H - a +0 pair of boots (worn)
Jewellery
 o - a ring of wizardry (right hand)
 r - an uncursed ring of wizardry
 s - an uncursed ring of flight
 v - an uncursed amulet of rage
 y - an amulet of faith (around neck)
 D - a ring of magical power (left hand)
Wands
 C - a wand of scattershot (2)
 F - a wand of iceblast (4)
Scrolls
 d - a scroll of magic mapping {unknown}
 g - 3 scrolls of amnesia
 i - 6 scrolls of remove curse
 l - a scroll of identify
 p - 2 scrolls of fear
 G - a scroll of teleportation {unknown}
Potions
 h - a potion of haste {unknown}
 k - 4 potions of curing
 m - a potion of stabbing
 q - 3 potions of flight {unknown}
 t - a potion of invisibility {unknown}
 x - a potion of degeneration {unknown}
 B - 2 potions of mutation {unknown}
Comestibles
 f - 11 rations


   Skills:
 + Level 9.1 Fighting
 - Level 2.4 Crossbows
 + Level 9.8 Dodging
 + Level 10.9 Stealth
 - Level 1.1 Spellcasting
 - Level 3.0 Hexes


You had 10 spell levels left.
You knew the following spells:

 Your Spells              Type           Power        Failure   Level  Hunger
a - Corona                Hex            ##.....      8%          1    ##.....

Your spell library contained the following spells:

 Spells                   Type           Power        Failure   Level  Hunger
 Slow                     Hex            ##......     12%         2    ###....
 Confusing Touch          Hex            ##......     22%         3    ####...
 Inner Flame              Hex/Fire       #.......     38%         3    ####...
 Portal Projectile        Hex/Tloc       #.....       38%         3    ####...
 Gell's Gravitas          Tloc           #.........   56%         3    ####...
 Cause Fear               Hex            ##........   56%         4    #####..
 Leda's Liquefaction      Hex/Erth       #.........   77%         4    #####..
 Petrify                  Tmut/Erth      #.......     91%         4    #####..
 Metabolic Englaciation   Hex/Ice        #.........   97%         5    ######.
 Yara's Violent Unravell  Hex/Tmut       #.........   97%         5    ######.


Dungeon Overview and Level Annotations

Branches:
Dungeon (8/15)             Temple (1/1) D:7
   Lair: D:8-11

Altars:
Ashenzari
Cheibriados
Dithmenos
Elyvilon
Fedhas
Kikubaaqudgha
Makhleb
Nemelex Xobeh
Okawaru
Qazlal
Ru
Sif Muna
Trog
Uskayaw
Vehumet
Wu Jian
Xom
Yredelemnul
Zin

Shops:
D:7 }

Annotations:
D:2 exclusion: adder
D:3 1 runed translucent door, Zajic's ghost, amateur MiBe
D:6 3 runed translucent doors, flt's ghost, novice GnWr


Innate Abilities, Weirdness & Mutations

You are small and have problems with some larger weapons.
You are carnivorous and can eat meat at any time.


Message History

You throw a poisoned dart.
The poisoned dart barely misses the two-headed ogre.
The two-headed ogre misses you.
The two-headed ogre completely misses you.
Throwing (i - inventory. (/) - cycle)
E - 14 poisoned darts (quivered)
Press: ? - help, Shift-Dir - straight line, f/p - two-headed ogre
Aim: a two-headed ogre, wielding a +0 giant club and a +0 giant spiked club (almost dead, poisoned)
You throw a poisoned dart.
The poisoned dart hits the two-headed ogre.
The two-headed ogre looks even sicker.
The two-headed ogre is almost dead.
The two-headed ogre completely misses you.
The two-headed ogre barely misses you.
You closely miss the two-headed ogre.
The two-headed ogre is almost dead.
The two-headed ogre closely misses you.
The two-headed ogre hits you with a +0 giant spiked club!!
* * * LOW HITPOINT WARNING * * *
The two-headed ogre hits you with a +0 giant club!
You die...

#####
#.@.#
#O..#
#...#
#..(#
#...#
..(....
#...#
.(.....
#..<#
(......
#..(#
(..!...
###.#
.?.....


You could see a two-headed ogre.

Vanquished Creatures
  Harold (D:7)
  Grinder (D:6)
  2 hippogriffs (D:7)
  A water moccasin (D:7)
  An ice beast (D:7)
  An eye of draining (D:7)
  2 centaurs (D:5)
  6 ogres
  A big kobold (D:4)
  Blork the orc (D:5)
  3 bullfrogs (D:7)
  4 scorpions
  2 howler monkeys
  3 hounds
  A centaur skeleton (D:7)
  A jelly (D:5)
  3 orc wizards
  3 iguanas
  2 worker ants
  A hound skeleton (D:5)
  A worker ant zombie (D:7)
  13 adders
  An ooze (D:3)
  3 adder skeletons
  4 worms
  2 dart slugs
  6 leopard geckos
  10 orcs
  6 bats
  8 giant cockroaches
  9 goblins
  8 hobgoblins
  11 jackals
  3 quokkas
  A ball python (D:3)
  5 frilled lizards
  13 kobolds
  A quokka skeleton (D:5)
  10 rats
155 creatures vanquished.

Vanquished Creatures (others)
  A plant (D:4)
1 creature vanquished.

Grand Total: 156 creatures vanquished

Notes
Turn   | Place    | Note
-------+----------+-------------------------------------------
     0 | D:1      | Hastur the Kobold Arcane Marksman began the quest for the
                  | Orb.
     0 | D:1      | Reached XP level 1. HP: 12/12 MP: 2/2
   119 | D:1      | Reached XP level 2. HP: 17/17 MP: 3/3
   667 | D:1      | Reached XP level 3. HP: 21/22 MP: 4/4
  2005 | D:2      | Found a bloodstained altar of Trog.
  2010 | D:2      | Reached skill level 1 in Stealth
  2010 | D:2      | Reached XP level 4. HP: 26/28 MP: 5/5
  2893 | D:3      | Reached skill level 2 in Stealth
  2894 | D:3      | Reached XP level 5. HP: 33/33 MP: 6/6
  3077 | D:3      | Reached skill level 3 in Stealth
  3203 | D:3      | Reached XP level 6. HP: 34/38 MP: 7/7
  3709 | D:3      | Found a runed translucent door.
  3709 | D:3      | Noticed Zajic's ghost (amateur MiBe)
  4059 | D:4      | Found a shimmering altar of Xom.
  5038 | D:4      | Reached skill level 4 in Stealth
  5365 | D:5      | Entered Level 5 of the Dungeon
  5411 | D:5      | Reached skill level 5 in Dodging
  5411 | D:5      | Reached XP level 7. HP: 44/44 MP: 8/8
  5663 | D:5      | Noticed Blork the orc
  5671 | D:5      | Reached skill level 5 in Fighting
  5678 | D:5      | Killed Blork the orc
  5678 | D:5      | Reached skill level 5 in Stealth
  6657 | D:5      | Reached skill level 6 in Stealth
  6657 | D:5      | Reached XP level 8. HP: 33/51 MP: 9/9
  7818 | D:6      | Found a bloodstained altar of Trog.
  7884 | D:6      | Reached skill level 7 in Stealth
  9493 | D:6      | Found a runed translucent gate.
  9494 | D:6      | Found a runed translucent gate.
  9494 | D:6      | Noticed flt's ghost (novice GnWr)
  9495 | D:6      | Found a runed translucent gate.
  9495 | D:6      | Identified the +10 trident "Giacrooz" {vorpal, +Fly}
  9495 | D:6      | Identified the +10 plate armour "Naimp" {rF- rN+ Str+2}
  9579 | D:6      | Noticed Grinder
  9595 | D:6      | Killed Grinder
  9595 | D:6      | Reached skill level 8 in Stealth
  9595 | D:6      | Reached XP level 9. HP: 21/57 MP: 10/10
  9814 | D:7      | Noticed a hippogriff
  9831 | D:7      | Killed a hippogriff
 10219 | D:7      | Found Inidugin's Gadget Shoppe.
 10279 | D:7      | Found a hide-covered altar of Uskayaw.
 10279 | D:7      | Noticed a +0 hand axe
 10280 | D:7      | Noticed a +0 hand axe
 10304 | D:7      | Reached skill level 9 in Stealth
 10361 | D:7      | Found a shattered altar of Ashenzari.
 10439 | D:7      | Noticed Harold
 10445 | D:7      | Noticed a hippogriff
 10929 | D:7      | Killed a hippogriff
 11107 | D:7      | Found a bloodstained altar of Trog.
 11465 | D:7      | Killed Harold
 11465 | D:7      | Reached skill level 10 in Stealth
 11465 | D:7      | Reached XP level 10. HP: 21/66 MP: 11/11
 11892 | D:7      | Found a staircase to the Ecumenical Temple.
 11915 | Temple   | Entered the Ecumenical Temple
 12101 | Temple   | Became a worshipper of Warmaster Okawaru
 12206 | D:8      | Noticed a two-headed ogre
 12385 | D:8      | Mangled by a two-headed ogre

Levels and vault maps discovered:
D:1:      minmay_arrival_split_and_join, layout_basic, minmay_small_reverse_x
D:2:      layout_loops_cross, lemuel_doored_altar, first_ration
D:3:      layout_loops_cross, ebering_ghost_reflecting_pool
D:4:      layout_rooms, kennysheep_mini, lexackson_kobold_supper
D:5:      layout_loops_cross, uniq_blork_the_orc
D:6:      layout_loops_corners, biasface_ghost_orc_armoury, st_stairs_8,
          lemuel_tele_altar, uniq_grinder
D:7:      layout_loops_ring, dancing_weapons_uskayaw, minmay_temple_entry_grid,
          serial_shops, shop_fountains, basic_altar, trog_eyes_of_draining,
          uniq_harold
D:8:      layout_basic, nicolae_ossuary_entry_catacombs, serial_shops,
          kennysheep_mini_moat, special_room [special_room_orc]
Temple:   eino_temple_rhombus

Skill      XL: |  1  2  3  4  5  6  7  8  9 |
---------------+----------------------------+-----
Fighting       | 2 3 4 5 7 9 |  9.1
Dodging        | 3 4 5 6 7 9 |  9.8
Stealth        | 1 2 3 4 6 8 10 | 10.9
Crossbows      | |  2.4
Spellcasting   | |  1.1
Hexes          | |  3.0

Action                   |  1- 3 |  4- 6 |  7- 9 | 10-12 || total
-------------------------+-------+-------+-------+-------++-------
Melee: Dagger            |   132 |   290 |   416 |       ||   838
       Hand axe          |       |       |   267 |    46 ||   313
 Fire: Hand crossbow     |    42 |   112 |    23 |     1 ||   178
Throw: Stone             |     4 |    18 |    12 |       ||    34
       Dart              |     2 |       |    45 |    18 ||    65
 Cast: Corona            |       |       |     9 |       ||     9
Evoke: Wand              |       |       |    13 |     1 ||    14
  Use: Scroll            |       |     9 |     2 |       ||    11
       Potion            |       |       |     1 |       ||     1
 Stab: Sleeping          |     1 |     3 |    10 |       ||    14
       Invisible         |     1 |       |     1 |       ||     2
  Eat: Chunk             |     5 |    18 |    14 |     8 ||    45
Armor: Robe              |    13 |    17 |       |       ||    30
       Ring mail         |       |    65 |   195 |     2 ||   262
Dodge: Dodged            |   136 |   310 |   662 |    35 ||  1143

Table legend:
 A = Non-vault XP
 B = Vault XP
 C = Vault XP percentage of total XP
 D = Non-vault monster count
 E = Vault monster count
 F = Vault count percentage of total count
                 A         B        C        D         E       F
            +---------+---------+-------+---------+---------+-------
      Total |    2989 |    1879 |  38.6 |     136 |      19 |  12.3
            +---------+---------+-------+---------+---------+-------
        D:1 |      37 |       6 |  14.0 |      20 |       4 |  16.7
        D:2 |      72 |       0 |   0.0 |      24 |       0 |   0.0
        D:3 |     184 |       0 |   0.0 |      32 |       0 |   0.0
        D:4 |      64 |     108 |  62.8 |       6 |       8 |  57.1
        D:5 |     699 |      94 |  11.9 |      22 |       1 |   4.3
        D:6 |     742 |     308 |  29.3 |      18 |       2 |  10.0
        D:7 |    1152 |    1363 |  54.2 |      13 |       4 |  23.5
        D:8 |      39 |       0 |   0.0 |       1 |       0 |   0.0
            +---------+---------+-------+---------+---------+-------
